 Seeded DCSS version 0.29.0 (webtiles) character file.

Game seed: 1 (custom seed)

5 Kazon the Trooper (level 1, 0/18 HPs)
             Began as a Demigod Fighter on Aug 24, 2022.
             Slain by a goblin
             ... wielding a +0 dagger
              (2 damage)
             ... on level 1 of the Dungeon.
             The game lasted 00:01:47 (172 turns).

Kazon the Trooper (Demigod Fighter)                  Turns: 172, Time: 00:01:47

Health: 0/18       AC:  6    Str: 17    XL:     1   Next: 53%
Magic:  3/3        EV:  9    Int: 10    God:
Gold:   56         SH:  0    Dex: 13    Spells: 0/0 levels left

rFire   . . .      SeeInvis .   x - +0 executioner's axe (pain)
rCold   . . .      Faith    .   (shield currently unavailable)
rNeg    . . .      Spirit   .   b - +0 scale mail
rPois   .          Reflect  .   (no helmet)
rElec   .          Harm     .   (no cloak)
rCorr   .          Rampage  .   (no gloves)
Will    .....                   (no boots)
Stlth   ..........              e - amulet of the acrobat
HPRegen 0.06/turn               (no ring)
MPRegen 0.08/turn               (no ring)

@: no status effects
A: high MP 1, forlorn, divine attributes
a: no special abilities


You were on level 1 of the Dungeon.
You visited 1 branch of the dungeon, and saw 1 of its levels.

You collected 56 gold pieces.

Inventory:

Hand Weapons
 a - a +0 long sword
 x - a +0 executioner's axe of pain (weapon)
Armour
 b - a +0 scale mail (worn)
 c - a +0 buckler
Jewellery
 e - an amulet of the acrobat (around neck)
Potions
 d - a potion of might
 f - a potion of haste {unknown}
 g - a potion of flight {unknown}


   Skills:
 + Level 2.8 Fighting
 + Level 1.7 Long Blades
 + Level 2.8 Armour
 + Level 2.7 Shields


You couldn't memorise any spells.
You didn't know any spells.
Your spell library was empty.

Dungeon Overview and Level Annotations

Branches:
Dungeon (1/15)


Innate Abilities, Weirdness & Mutations

You have an increased reservoir of magic. (+10% MP)
You shall have no god before yourself.
Your divine heritage dramatically boosts your attributes as you level up.


Message History

The goblin shouts!
A hobgoblin comes into view.
The hobgoblin shouts!
You barely miss the goblin. The goblin hits you with a +0 dagger.
The goblin barely misses you.
You closely miss the goblin. The goblin hits you but does no damage.
The goblin barely misses you.
You barely miss the goblin. The goblin hits you but does no damage.
You hit the hobgoblin but do no damage. You barely miss the goblin.
The hobgoblin hits you but does no damage.
The goblin hits you but does no damage. x2
The hobgoblin hits you but does no damage.
You closely miss the goblin. You hit the hobgoblin.
The hobgoblin closely misses you. The goblin hits you but does no damage.
The goblin barely misses you.
The hobgoblin hits you but does no damage.
You hit the hobgoblin.
The hobgoblin is almost dead.
You hit the goblin.
The hobgoblin hits you but does no damage.
The goblin closely misses you. x2
The hobgoblin hits you but does no damage.
You closely miss the goblin.
The goblin is heavily wounded.
You barely miss the hobgoblin.
The hobgoblin hits you but does no damage.
The goblin hits you but does no damage. x2; The hobgoblin hits you.
* * * LOW HITPOINT WARNING * * *
You completely miss the hobgoblin.
The hobgoblin is almost dead.
You closely miss the goblin. The hobgoblin hits you.
* * * LOW HITPOINT WARNING * * *
The goblin hits you but does no damage. x2
The hobgoblin hits you but does no damage.
You closely miss the goblin.
The goblin is heavily wounded.
You barely miss the hobgoblin.
The hobgoblin hits you but does no damage.
The goblin hits you with a +0 dagger.
You die...

##. ####..##.# ##
........# ........###
.........#
#.####......>.#
............#
#..gg.....###
#..@#####.#.###
####...#.........######
#......#..............#
#......#..####.........
#.................##...
#.......#..............
#...##..+...†..........
#....####.....#.##.....
#.........#...#.#......


You could see a hobgoblin and a goblin.

Vanquished Creatures
  An endoplasm (D:1)
  A goblin (D:1)
  A kobold (D:1)
  A bat (D:1)
  A rat (D:1)
5 creatures vanquished.

Notes
Turn   | Place    | Note
-------+----------+-------------------------------------------
     0 | D:1      | Kazon the Demigod Fighter began the quest for the Orb.
     0 | D:1      | Reached XP level 1. HP: 18/18 MP: 3/3
    34 | D:1      | Identified a scroll of acquirement
    34 | D:1      | Acquired a +0 executioner's axe of pain
   172 | D:1      | Slain by a goblin

Illustrated notes

Levels and vault maps discovered:
D:1:      dpeg_arrival_three_smaller_balls, layout_basic

Action                   || total
-------------------------++-------
Melee: Executioner's axe ||    24
       Long sword        ||     3
  Use: Scroll            ||     1
Armor: Scale mail        ||    40
Dodge: Dodged            ||    27
Block: Buckler           ||     2
